 Dungeon Crawl Stone Soup version 0.30-a0-23-ge60ba3568b (webtiles) character file.

Game seed: 4421254696546051494

531 Sobieck the Slicer (level 7, -16/41 HPs)
             Began as a Kobold Berserker on Aug 24, 2022.
             Was a Believer of Trog.
             Demolished by an ogre
             ... wielding a +0 giant club
              (34 damage)
             ... on level 5 of the Dungeon.
             The game lasted 00:08:24 (4805 turns).

Sobieck the Slicer (Kobold Berserker)               Turns: 4805, Time: 00:08:25

Health: -16/41     AC:  5    Str: 14    XL:     7   Next: 48%
Magic:  7/7        EV: 14    Int:  8    God:    Trog [**....]
Gold:   269        SH:  0    Dex: 17    Spells: 6/6 levels left

rFire   + . .      SeeInvis .    a - +1 dagger (speed) {short}
rCold   . . .      Faith    .    (no shield)
rNeg    . . .      Spirit   .    u - +0 leather armour
rPois   .          Reflect  .    D - +1 helmet
rElec   .          Harm     .    (no cloak)
rCorr   .          Rampage  .    (no gloves)
Will    .....                    (no boots)
Stlth   ++........               f - amulet of the acrobat
HPRegen 0.13/turn                i - ring of protection from fire
MPRegen 0.10/turn                (no ring)

@: no status effects
A: small, no large weapons, nightstalker 3
a: Renounce Religion, Berserk, Trog's Hand


You were on level 5 of the Dungeon.
You worshipped Trog.
Trog was pleased with you.
You visited 1 branch of the dungeon, and saw 5 of its levels.

You collected 269 gold pieces.


Innate Abilities, Weirdness & Mutations

You are small and have problems with some larger weapons.
You are completely attuned to the shadows.


   Skills:
 - Level 3.2 Fighting
 + Level 10.5 Short Blades
 - Level 1.5 Armour
 - Level 2.4 Dodging


You had 6 spell levels left.
You didn't know any spells.
Your spell library contained the following spells:

 Spells                   Type           Power      Damage    Failure   Level
 Ensorcelled Hibernation  Hex/Ice        0%         N/A       63%         2
 Passwall                 Tmut/Erth      0%         N/A       63%         2
 Spider Form              Tmut/Pois      0%         N/A       85%         3
 Swiftness                Air            0%         N/A       85%         3
 Anguish                  Hex/Necr       0%         N/A       99%         4
 Blade Hands              Tmut           0%         N/A       100%        5
 Irradiate                Conj/Tmut      0%         3d11      100%        5
 Dragon Form              Tmut           0%         N/A       100%        7

Inventory:

Hand Weapons
 a - a +1 dagger of speed (weapon) {short}
   (You took it off a goblin on level 3 of the Dungeon)
 j - a +1 dagger of venom {short}
   (You took it off a kobold on level 1 of the Dungeon)
 m - a +0 rapier {short}
   (You found it on level 1 of the Dungeon)
 B - a +0 short sword {short}
Missiles
 k - 63 stones (quivered) {throwing}
 E - 5 poisoned darts {throwing}
 F - a throwing net {=f!fthrowing}
Armour
 b - a +0 animal skin
 d - a +0 chain mail
   (You found it on level 1 of the Dungeon)
 h - a +0 chain mail
   (You found it on level 1 of the Dungeon)
 n - a +0 ring mail
   (You found it on level 1 of the Dungeon)
 p - a +0 robe
   (You found it on level 1 of the Dungeon)
 u - a +0 leather armour (worn)
   (You took it off Ijyb on level 3 of the Dungeon)
 x - a +0 chain mail
   (You took it off an orc on level 3 of the Dungeon)
 y - a +0 robe
   (You took it off an orc wizard on level 3 of the Dungeon)
 z - a +0 ring mail
   (You took it off an orc on level 3 of the Dungeon)
 A - a +0 scale mail
   (You found it on level 4 of the Dungeon)
 C - a +0 leather armour
   (You took it off an orc on level 3 of the Dungeon)
 D - a +1 helmet (worn)
   (You found it on level 3 of the Dungeon)
 G - a +0 scale mail
   (You found it on level 3 of the Dungeon)
 K - a +0 robe
   (You found it on level 3 of the Dungeon)
 L - a +0 leather armour
   (You took it off an orc on level 4 of the Dungeon)
 N - a +0 ring mail
   (You found it on level 4 of the Dungeon)
Jewellery
 f - an amulet of the acrobat (around neck)
   (You found it on level 1 of the Dungeon)
 i - a ring of protection from fire (left hand)
   (You found it on level 1 of the Dungeon)
 l - an amulet of guardian spirit
   (You found it on level 1 of the Dungeon)
 r - a ring of ice
   (You found it on level 2 of the Dungeon)
Wands
 v - a wand of roots (8)
   (You took it off Ijyb on level 3 of the Dungeon)
 H - a wand of quicksilver (20)
   (You took it off Grinder on level 3 of the Dungeon)
Scrolls
 e - 3 scrolls of fear
 g - a scroll of vulnerability {!r!r}
 o - a scroll of poison {unknown}
 J - a scroll of silence {unknown}
Potions
 c - 3 potions of berserk rage {!q}
 q - 3 potions of curing {@q1}
 s - 2 potions of haste {@q3}
 t - a potion of attraction {!q}
 w - a potion of cancellation
 I - a potion of ambrosia
 M - a potion of might

Dungeon Overview and Level Annotations

Branches:
Dungeon (5/15) Zot: 25286
 Temple: D:4-7

Altars:
Ashenzari
Gozag
Okawaru
Ru
Uskayaw

Shops:
D:1 [ D:4

* ........#.)......#
.................#.
.......##.###......
.......#..# ##.#...
..........####.##....
.......# ...
.......##...
..>....#..##
...#...@O...
...#..(...##
...$...## #.##..## ..
...#


You could see an ogre (extremely poisoned).


Message History

There is a stone staircase leading down here.
You climb downwards.
There is a stone staircase leading up here.
Unknown command.
Unknown command.
Found an escape hatch in the floor.
Unknown command.
k - 63 stones {throwing} (gained 6)
A scorpion comes into view.
Found an escape hatch in the ceiling.
Danger!
The scorpion completely misses you.
You hit the scorpion. You barely miss the scorpion. The scorpion stings you.
You closely miss the scorpion. You barely miss the scorpion.
You hit the scorpion. The scorpion barely misses you.
You hit the scorpion but do no damage. You hit the scorpion.
You closely miss the scorpion. The scorpion stings you.
You are poisoned.
The scorpion poisons you!
You hit the scorpion but do no damage.
You feel sick.
You hit the scorpion but do no damage.
You feel sick.
The scorpion stings you but does no damage.
You hit the scorpion but do no damage.
You feel sick.
You hit the scorpion.
The scorpion stings you but does no damage.
Unknown command.
You hit the scorpion but do no damage.
You feel sick.
You hit the scorpion. The scorpion misses you.
You hit the scorpion but do no damage.
You feel sick.
You closely miss the scorpion. The scorpion barely misses you.
You hit the scorpion but do no damage.
You feel sick.
Unknown command.
You hit the scorpion. The scorpion closely misses you.
You hit the scorpion. You closely miss the scorpion.
You feel sick. The scorpion completely misses you.
You closely miss the scorpion. You hit the scorpion but do no damage.
Unknown command.
You hit the scorpion but do no damage.
You feel sick. The scorpion closely misses you.
You hit the scorpion but do no damage.
Your +1 dagger of venom {short} begins to drip with poison!
j - a +1 dagger of venom (weapon)
{short} The scorpion stings you but does no damage.
You hit the scorpion but do no damage.
The scorpion is poisoned.
You feel sick.
You hit the scorpion but do no damage.
The scorpion looks as sick as possible!
The scorpion stings you but does no damage.
You closely miss the scorpion.
You feel sick.
You are no longer poisoned.
You kill the scorpion!
Trog accepts your kill.
Unknown command.
H - a wand of quicksilver (20) (gained 11 charges)
There is a stone staircase leading up here.
You start resting.
A worm comes into view.
Danger!
A worm is nearby!
Unknown command.
You hit the worm. The worm closely misses you.
You hit the worm.
The worm is poisoned.
You punch the worm, but do no damage. You hit the worm.
The worm looks as sick as possible!
You hit the worm. The worm misses you.
You hit the worm. You hit the worm.
The worm looks as sick as possible!
You kill the worm!
Trog accepts your kill.
There is a stone staircase leading up here.
Unknown command.
You start resting.
Unknown command.
Unknown command.
Found a stone staircase leading down.
Unknown command.
An ogre comes into view. It is wielding a +0 giant club.
The ogre shouts!
Danger!
You hit the ogre.
The ogre is poisoned.
You barely miss the ogre.
The ogre hits you with a +0 giant club!!
Ouch! That really hurt!
* * * LOW HITPOINT WARNING * * *
You hit the ogre.
The ogre looks as sick as possible!
You barely miss the ogre. You hit the ogre but do no damage.
The ogre looks as sick as possible!
The ogre hits you but does no damage.
You hit the ogre.
The ogre looks as sick as possible!
Unknown command.
Your +1 dagger of venom {short} stops dripping with poison.
Your hands tingle!
a - a +1 dagger of speed (weapon)
{short} Unknown command.
You hit the ogre.
The ogre hits you with a +0 giant club!!
Ouch! That really hurt!
You die...

Skill      XL: |  1  2  3  4  5  6  7 |
---------------+----------------------+-----
Short Blades   | 5 6 7 9 10 | 10.5
Fighting       | |  3.2
Armour         | |  1.5
Dodging        | |  2.4

Action                   |  1- 3 |  4- 6 |  7- 9 || total
-------------------------+-------+-------+-------++-------
Melee: Short sword       |    34 |       |       ||    34
       Dagger            |    56 |   181 |    91 ||   328
       Punch             |     1 |     1 |     1 ||     3
Invok: Berserk           |     1 |     1 |     1 ||     3
       Trog's Hand       |       |     1 |       ||     1
  Use: Scroll            |       |       |    11 ||    11
 Stab: Sleeping          |    11 |    13 |     4 ||    28
Armor: Animal skin       |     9 |       |       ||     9
       Leather armour    |       |     6 |     8 ||    14
Dodge: Dodged            |    54 |    53 |    21 ||   128

Levels and vault maps discovered:
D:1:      minmay_arrival_open_corners, layout_rooms, serial_shops,
          nicolae_shop_trees, serial_curves, eino_curves_04, eino_curves_03,
          eino_curves_01, serial_bayou_pond_e
D:2:      layout_basic, basic_altar
D:3:      kennysheep_slugbush, layout_loops_cross,
          shapermc_ecumenical_altar_starsandcircs, gup_sewer_entry_spiral,
          uniq_ijyb, uniq_grinder
D:4:      minmay_chambers_of_twos, layout_rooms,
          gammafunk_temple_overflow_elements, okawaru_metal_pillars_3,
          mainiacjoe_overflow_alcove_4, minmay_shop_mass, grunt_decor_junction,
          chequers_serial_rivers_small_b
D:5:      layout_cave_pools, mainiacjoe_overflow_brackets,
          kennysheep_vampire_church

Notes
Turn   | Place    | Note
-------+----------+-------------------------------------------
     0 | D:1      | Sobieck the Kobold Berserker began the quest for the Orb.
     0 | D:1      | Reached XP level 1. HP: 14/14 MP: 1/1
   284 | D:1      | Reached XP level 2. HP: 15/19 MP: 2/2
   734 | D:1      | Reached skill level 5 in Short Blades
   822 | D:1      | You pick up a book of Transfigurations {forbidden@e2} and
                  | begin reading...
   822 | D:1      | You add the spells Irradiate, Blade Hands and Dragon Form
                  | to your library.
   843 | D:1      | Found Cuzoidwoaru's Armour Emporium.
   939 | D:1      | Reached XP level 3. HP: 23/23 MP: 3/3
  1399 | D:2      | Found a broken altar of Ashenzari.
  1818 | D:2      | Reached ** piety under Trog
  1930 | D:3      | Noticed Ijyb
  1932 | D:3      | Killed Ijyb
  1933 | D:3      | Reached skill level 6 in Short Blades
  1933 | D:3      | Reached XP level 4. HP: 28/28 MP: 4/4
  2049 | D:3      | Reached skill level 7 in Short Blades
  2049 | D:3      | Reached XP level 5. HP: 20/32 MP: 5/5
  2367 | D:3      | Found a faded altar of an unknown god.
  2639 | D:3      | You pick up a book of Dreams {forbidden} and begin
                  | reading...
  2639 | D:3      | You add the spells Ensorcelled Hibernation, Spider Form and
                  | Anguish to your library.
  2707 | D:3      | Noticed Grinder
  2716 | D:3      | Killed Grinder
  2717 | D:3      | Reached skill level 9 in Short Blades
  2717 | D:3      | Reached XP level 6. HP: 37/37 MP: 6/6
  3479 | D:4      | Reached XP level 7. HP: 41/41 MP: 7/7
  3503 | D:4      | Found an opulent altar of Gozag.
  3503 | D:4      | Found a hide-covered altar of Uskayaw.
  3681 | D:4      | Found Kacois's Mass Market.
  3694 | D:4      | You pick up a book of Burglary {forbidden} and begin
                  | reading...
  3694 | D:4      | You add the spells Passwall and Swiftness to your library.
  3819 | D:4      | Reached skill level 10 in Short Blades
  3958 | D:4      | HP: 10/41 [acid (4)]
  4258 | D:4      | Found a sacrificial altar of Ru.
  4342 | D:4      | Found an iron altar of Okawaru.
  4632 | D:5      | Entered Level 5 of the Dungeon
  4805 | D:5      | Demolished by an ogre

Vanquished Creatures
  Grinder (D:3)
  2 scorpions
  A jelly (D:4)
  Ijyb (D:3)
  An orc wizard (D:3)
  An adder (D:4)
  A river rat (D:3)
  6 worms
  8 dart slugs (D:3)
  8 orcs
  6 bats
  5 endoplasms
  4 giant cockroaches
  6 goblins
  11 hobgoblins
  4 quokkas
  7 ball pythons
  4 frilled lizards
  6 kobolds
  6 rats
89 creatures vanquished.

Table legend:
 A = Non-vault XP
 B = Vault XP
 C = Vault XP percentage of total XP
 D = Non-vault monster count
 E = Vault monster count
 F = Vault count percentage of total count
                 A         B        C        D         E       F
            +---------+---------+-------+---------+---------+-------
      Total |     329 |     430 |  56.7 |      69 |      20 |  22.5
            +---------+---------+-------+---------+---------+-------
        D:1 |      29 |       0 |   0.0 |      18 |       0 |   0.0
        D:2 |      30 |       0 |   0.0 |      17 |       0 |   0.0
        D:3 |      78 |     365 |  82.4 |      21 |      12 |  36.4
        D:4 |     107 |      65 |  37.8 |      11 |       8 |  42.1
        D:5 |      85 |       0 |   0.0 |       2 |       0 |   0.0
            +---------+---------+-------+---------+---------+-------

Illustrated notes

Table legend:
 A = Kills in this place as a percentage of kills in entire the game.
 B = Kills by you in this place as a percentage of kills by you in the entire game.
 C = Kills by friends in this place as a percentage of kills by friends in the entire game.
 D = Other kills in this place as a percentage of other kills in the entire game.
 E = Experience gained in this place as a percentage of experience gained in the entire game.
 F = Experience gained in this place divided by the number of levels of this place that you have seen.
                   A       B       C       D       E      F
               +-------+-------+-------+-------+-------+----------------------
         Total | 100.0 | 100.0 |   N/A |   N/A | 100.0 | 151.8
       Dungeon | 100.0 | 100.0 |   N/A |   N/A | 100.0 | 151.8
               +-------+-------+-------+-------+-------+----------------------

Table legend: (Time is in decaauts)
 A = Elapsed time spent in this place.
 B = Non-inter-level travel time spent in this place.
 C = Inter-level travel time spent in this place.
 D = Time resting spent in this place.
 E = Time spent auto-exploring this place.
 F = Levels seen in this place.
 G = Mean time per level.
                   A        B        C        D        E       F      G
               +--------+--------+--------+--------+--------+-----+--------+
         Total |   4713 |   4508 |    205 |    820 |   3099 |   5 |  942.6 |
       Dungeon |   4713 |   4508 |    205 |    820 |   3099 |   5 |  942.6 |
               +--------+--------+--------+--------+--------+-----+--------+

Top non-repeatable levels by time:
     D:3: 1463 daAuts
     D:4: 1191 daAuts
     D:1: 1001 daAuts
     D:2: 907 daAuts
     D:5: 148 daAuts
